 Dungeon Crawl Stone Soup version 0.19-a0-1268-g6c5d9f8 (webtiles) character file.

37 inmateoo the Insei (level 3, 0/26 HPs)
             Began as a Demonspawn Transmuter on Aug 29, 2016.
             Succumbed to an adder's poison
             ... on level 2 of the Dungeon.
             The game lasted 00:01:34 (1125 turns).

inmateoo the Insei (Demonspawn Transmuter)          Turns: 1125, Time: 00:01:35

Health: 0/26       AC:  2    Str: 10    XL:     3   Next: 23%
Magic:  2/6        EV: 18    Int: 14    God:
Gold:   55         SH:  0    Dex: 19    Spells: 3 memorised, 0 levels left

rFire  . . .     SeeInvis .       - Unarmed
rCold  . . .     Gourm    .     b - +0 robe
rNeg   . . .     Faith    .     (no shield)
rPois  .         Spirit   .     (no helmet)
rElec  .         Dismiss  .     (no cloak)
rCorr  .         Reflect  .     (no gloves)
MR     .....     Harm     .     (no boots)
Stlth  +++.......               (no amulet)
                                (no ring)
                                (no ring)

@: agile, lethally poisoned (0 -> -14), very slightly contaminated
A: talons 2
a: no special abilities


You were on level 2 of the Dungeon.
You were very hungry.

You visited 1 branch of the dungeon, and saw 2 of its levels.

You collected 55 gold pieces.

Inventory:

Missiles
 a - 11 arrows
Armour
 b - a +0 robe (worn)
Jewellery
 l - an uncursed ring of flight {unknown}
Scrolls
 f - 5 scrolls of identify {unknown}
 i - a scroll of blinking {unknown}
Potions
 g - a potion of flight {unknown}
 h - a potion of invisibility {unknown}
 j - a potion of curing {unknown}
Books
 c - a book of Changes

   Spells                             Type                      Level
   a - Beastly Appendage              Transmutation                1
   b - Sticks to Snakes               Transmutation                2
   c - Spider Form                    Transmutation/Poison         3
   d - Ice Form                       Ice/Transmutation            4
   e - Blade Hands                    Transmutation                5
Comestibles
 d - a bread ration
 k - a slice of pizza
 m - a meat ration


   Skills:
 + Level 1.3 Fighting
 - Level 2.0 Dodging
 * Level 3.2 Unarmed Combat
 + Level 2.4 Spellcasting
 + Level 2.0 Transmutations


You couldn't memorise any spells.
You knew the following spells:

 Your Spells              Type           Power        Failure   Level  Hunger
a - Beastly Appendage     Tmut           #.....       12%         1    #......
b - Sticks to Snakes      Tmut           #.......     17%         2    ###....
c - Spider Form           Tmut/Pois      #.........   47%         3    ###....


Dungeon Overview and Level Annotations

Branches:
Dungeon (2/15)

Altars:


Innate Abilities, Weirdness & Mutations

You have razor-sharp toenails.


Message History

The rat closely misses you.
You miss the adder.
* * * LOW HITPOINT WARNING * * *
You feel sick. The adder closely misses you.
Your ball python bites the adder but does no damage.
Your ball python barely misses the adder.
The rat closely misses you. The adder bites you.
* * * LOW HITPOINT WARNING * * *
You are more poisoned.
The adder poisons you!
You hit the adder. You claw the adder.
The adder is moderately wounded.
* * * LOW HITPOINT WARNING * * *
You feel sick.
Your ball python closely misses the adder.
Your ball python completely misses the adder.
The adder bites you but does no damage. The rat misses you.
It was a potion of agility.
You feel agile all of a sudden.
You die...

#.........#
#.........#
#...?.....#
#.........#
#......?..#
#...S.....#
#..rS.....#
#.)@......#
##...######
##....#
#....#
#....#
#....#
#....#
#....#
#....#


You could see an adder, a rat and a friendly ball python.

Vanquished Creatures
  An ooze (D:1)
  A worm (D:1)
  2 dart slugs (D:1)
  A giant gecko (D:1)
  A giant cockroach (D:1)
  2 goblins (D:1)
  A hobgoblin (D:1)
  4 jackals (D:1)
  3 kobolds (D:1)
  2 bats (D:1)
  A giant newt (D:1)
  6 rats
25 creatures vanquished.

Notes
Turn   | Place    | Note
-------+----------+-------------------------------------------
     0 | D:1      | inmateoo the Demonspawn Transmuter began the quest for the Orb.
     0 | D:1      | Reached XP level 1. HP: 15/15 MP: 3/3
   265 | D:1      | Gained mutation: You have sharp toenails. [demonic ancestry]
   265 | D:1      | Reached XP level 2. HP: 18/21 MP: 5/5
   411 | D:1      | Reached skill level 3 in Unarmed Combat
   537 | D:1      | Gained mutation: You have razor-sharp toenails. [demonic ancestry]
   537 | D:1      | Reached XP level 3. HP: 2/26 MP: 4/6
   847 | D:1      | Learned a level 2 spell: Sticks to Snakes
   851 | D:1      | Learned a level 3 spell: Spider Form
  1124 | D:2      | HP: 1/26 [poisoned by an adder]
  1125 | D:2      | Succumbed to an adder's poison

Vault maps used:
D:1:      lightli_arrival_statuegarden
D:2:      ecumenical_altar_2

Skill      XL: |  1  2 |
---------------+-------+-----
Transmutations | 2 |  2.0
Dodging        | 2 |  2.0
Unarmed Combat | 3 |  3.2
Fighting       | |  1.3
Spellcasting   | |  2.4

Action                   || total
-------------------------++-------
Melee: Unarmed           ||   113
       Headbutt          ||    10
       Kick              ||    28
 Cast: Beastly Appendage ||    12
       Sticks to Snakes  ||     1
  Use: Potion            ||     1
Armor: Robe              ||    15
Dodge: Dodged            ||    77
